General information
- name: BNet
- type: Ladder team game (AT/RT)
- host: Battle.net
- saver: fInEX
map: Monsoon
- players: 6
- length: 16:39
- speed: Fast
- version: 1.21 W3XP
- replay type: Public
» download(90 KB)
Players
team 1 (loser)
3DGAYWORLD (
blue | 60 APM | 631 actions | 10:27)
2 Blademaster
1 Wind Walk
1 Critical Strike
» actions
| Basic commands | 29 | |
| Build / train | 34 | |
| Enter build submenu | 8 | |
| Enter hero's abilities submenu | 2 | |
| Remove unit from queue | 1 | |
| Right click | 313 | |
| Select / deselect | 211 | |
| Use ability | 33 | |
631 total
» units
» upgrades
» buildings
| Altar of Storms | 1 | |
| War Mill | 1 | |
| Barracks | 1 | |
| Orc Burrow | 3 | |
| Voodoo Lounge | 1 | |
| Stronghold | 3 | |
10 total
» build order
00:11 Altar of Storms
00:21 War Mill
00:38 Barracks
01:09 Orc Burrow
02:04 Orc Burrow
02:57 Voodoo Lounge
05:13 Stronghold
05:13 Stronghold
05:56 Orc Burrow
» items
| Circlet of Nobility | 1 | |
| Boots of Speed | 1 | |
| Lesser Clarity Potion | 2 | |
| Healing Salve | 2 | |
| Scroll of Speed | 2 | |
| Potion of Mana | 1 | |
9 total
Dexanth (
pink | 88 APM | 913 actions | 10:23)
2 Demon Hunter
1 Mana Burn
1 Evasion
1 Warden
1 Shadow Strike
» actions
| Assign group hotkey | 15 | |
| Basic commands | 2 | |
| Build / train | 34 | |
| Enter build submenu | 12 | |
| Enter hero's abilities submenu | 4 | |
| Remove unit from queue | 3 | |
| Right click | 435 | |
| Select / deselect | 189 | |
| Select group hotkey | 173 | |
| Use ability | 46 | |
913 total
» units
» buildings
| Altar of Elders | 1 | |
| Moon Well | 4 | |
| Ancient of War | 1 | |
| Hunter's Hall | 1 | |
| Tree of Ages | 1 | |
| Ancient of Wonders | 1 | |
| Ancient of Lore | 2 | |
| Ancient Protector | 1 | |
12 total
» build order
00:06 Altar of Elders
00:18 Moon Well
00:47 Ancient of War
01:24 Moon Well
02:49 Hunter's Hall
03:28 Moon Well
04:17 Tree of Ages
04:52 Moon Well
05:56 Ancient of Wonders
06:41 Ancient of Lore
06:43 Ancient of Lore
08:04 Ancient Protector
» items
| Boots of Speed | 1 | |
| Staff of Teleportation | 1 | |
| Lesser Clarity Potion | 1 | |
| Healing Salve | 2 | |
| Potion of Healing | 2 | |
7 total
GapInTheTooth (
green | 53 APM | 864 actions | 16:25)
2 Pandaren Brewmaster
1 Breath of Fire
1 Drunken Brawler
» actions
| Assign group hotkey | 11 | |
| Basic commands | 49 | |
| Build / train | 34 | |
| ESC pressed | 8 | |
| Enter build submenu | 22 | |
| Enter hero's abilities submenu | 2 | |
| Right click | 446 | |
| Select / deselect | 228 | |
| Select group hotkey | 32 | |
| Use ability | 32 | |
864 total
» units
| Peasant | 11 | |
| Footman | 10 | |
| Sorceress | 2 | |
| Priest | 1 | |
24 total
» upgrades
» buildings
| Altar of Kings | 1 | |
| Farm | 7 | |
| Barracks | 1 | |
| Scout Tower | 3 | |
| Arcane Tower | 2 | |
| Keep | 1 | |
| Blacksmith | 1 | |
| Arcane Sanctum | 2 | |
| Lumber Mill | 1 | |
| Guard Tower | 1 | |
| Castle | 1 | |
21 total
» build order
00:09 Altar of Kings
00:15 Farm
00:29 Barracks
01:27 Scout Tower
01:33 Farm
01:49 Scout Tower
01:57 Arcane Tower
02:28 Farm
03:16 Arcane Tower
03:21 Farm
04:22 Keep
04:24 Farm
04:26 Farm
04:48 Blacksmith
05:56 Farm
05:58 Scout Tower
06:50 Arcane Sanctum
07:08 Lumber Mill
07:27 Arcane Sanctum
09:45 Guard Tower
09:47 Castle
team 2 (winner)
fInEX (
yellow | 49 APM | 809 actions | 16:39)
5 Pandaren Brewmaster
3 Breath of Fire
2 Drunken Brawler
» actions
| Assign group hotkey | 88 | |
| Basic commands | 2 | |
| Build / train | 35 | |
| Enter build submenu | 13 | |
| Enter hero's abilities submenu | 6 | |
| Give item / drop item | 1 | |
| Remove unit from queue | 2 | |
| Right click | 359 | |
| Select / deselect | 144 | |
| Select group hotkey | 127 | |
| Use ability | 32 | |
809 total
» units
| Wisp | 11 | |
| Huntress | 9 | |
| Ogre Magi | 1 | |
21 total
» upgrades
| Ultravision | 1 | |
| Strength of the Moon | 1 | |
| Moon Armor | 1 | |
| Druid of the Talon Training | 1 | |
4 total
» buildings
| Altar of Elders | 2 | |
| Moon Well | 4 | |
| Ancient of War | 2 | |
| Hunter's Hall | 1 | |
| Tree of Ages | 1 | |
| Ancient of Wind | 2 | |
| Tree of Eternity | 1 | |
13 total
» build order
00:06 Altar of Elders
00:08 Moon Well
00:23 Ancient of War
01:35 Altar of Elders
02:11 Hunter's Hall
02:27 Moon Well
03:09 Moon Well
04:12 Moon Well
04:16 Ancient of War
06:55 Tree of Ages
10:27 Ancient of Wind
10:28 Ancient of Wind
12:00 Tree of Eternity
GOKUMaN69 (
purple | 64 APM | 1055 actions | 16:26)
4 Pandaren Brewmaster
2 Breath of Fire
2 Drunken Haze
4 Tauren Chieftain
2 Shockwave
2 Endurance Aura
» actions
| Assign group hotkey | 1 | |
| Basic commands | 5 | |
| Build / train | 47 | |
| Enter build submenu | 16 | |
| Enter hero's abilities submenu | 8 | |
| Give item / drop item | 1 | |
| Remove unit from queue | 2 | |
| Right click | 650 | |
| Select / deselect | 275 | |
| Select group hotkey | 1 | |
| Use ability | 49 | |
1055 total
» units
| Peon | 9 | |
| Grunt | 5 | |
| Wind Rider | 7 | |
| Gnoll Brute | 1 | |
22 total
» upgrades
| Ensnare | 0 | |
| Envenomed Spears | 1 | |
| Ranged Weapons | 1 | |
| Armor | 1 | |
| Reinforced Defenses | 1 | |
4 total
» buildings
| Altar of Storms | 1 | |
| Orc Burrow | 6 | |
| Barracks | 1 | |
| Stronghold | 1 | |
| Voodoo Lounge | 1 | |
| Beastiary | 2 | |
| Fortress | 1 | |
| War Mill | 1 | |
| Great Hall | 1 | |
| Watch Tower | 1 | |
16 total
» build order
00:04 Altar of Storms
00:21 Orc Burrow
00:36 Barracks
01:45 Orc Burrow
03:04 Stronghold
04:13 Orc Burrow
04:36 Voodoo Lounge
06:37 Beastiary
06:38 Fortress
06:40 Beastiary
06:59 Orc Burrow
11:54 Orc Burrow
12:11 War Mill
14:23 Great Hall
15:23 Orc Burrow
16:18 Watch Tower
» items
| Dust of Appearance | 1 | |
| Boots of Speed | 1 | |
| Staff of Teleportation | 1 | |
3 total
HERNaNDO (
red | 55 APM | 906 actions | 16:26)
4 Pandaren Brewmaster
2 Breath of Fire
2 Drunken Haze
4 Goblin Alchemist
2 Healing Spray
2 Chemical Rage
» actions
| Assign group hotkey | 15 | |
| Basic commands | 47 | |
| Build / train | 42 | |
| Enter build submenu | 24 | |
| Enter hero's abilities submenu | 9 | |
| Remove unit from queue | 2 | |
| Right click | 433 | |
| Select / deselect | 215 | |
| Select group hotkey | 61 | |
| Use ability | 58 | |
906 total
» units
| Peasant | 7 | |
| Footman | 9 | |
| Gryphon Rider | 2 | |
18 total
» upgrades
| Defend | 1 | |
| Swords | 2 | |
| Armor | 1 | |
| Storm Hammers | 1 | |
5 total
» buildings
| Farm | 7 | |
| Barracks | 2 | |
| Lumber Mill | 2 | |
| Altar of Kings | 1 | |
| Keep | 1 | |
| Blacksmith | 1 | |
| Scout Tower | 13 | |
| Arcane Vault | 1 | |
| Castle | 1 | |
| Guard Tower | 3 | |
| Gryphon Aviary | 2 | |
34 total
» build order
00:09 Farm
00:19 Barracks
00:35 Lumber Mill
00:38 Lumber Mill
00:50 Altar of Kings
01:05 Farm
03:05 Farm
03:05 Farm
03:44 Barracks
04:19 Keep
04:20 Farm
06:14 Blacksmith
06:21 Scout Tower
06:23 Scout Tower
06:24 Scout Tower
06:25 Scout Tower
06:36 Arcane Vault
07:23 Castle
07:24 Guard Tower
09:10 Gryphon Aviary
09:14 Gryphon Aviary
10:10 Guard Tower
10:35 Farm
10:35 Farm
12:21 Scout Tower
12:26 Scout Tower
12:28 Scout Tower
13:30 Scout Tower
13:31 Scout Tower
13:32 Scout Tower
13:32 Scout Tower
13:34 Scout Tower
13:35 Scout Tower
14:44 Guard Tower
» items
| Boots of Speed | 1 | |
| Staff of Teleportation | 1 | |
2 total
Chat log
(00:11 / All) HERNaNDO: u guys good?
(00:14 / All) GOKUMaN69: nope
(00:15 / All) 3DGAYWORLD: lol no u?
(00:16 / All) GOKUMaN69: niggers
(00:16 / All) GapInTheTooth: BR
(00:22 / All) HERNaNDO: que?
(00:26 / All) fInEX: u guys r homo
(00:30 / All) 3DGAYWORLD: F u
(01:08 / All) GOKUMaN69: can you guys quit
(01:12 / All) GOKUMaN69: |
(01:13 / All) fInEX: need wins for dota
(01:14 / All) fInEX: plz
(01:23 / All) HERNaNDO: need TDA inv
(02:59 / All) fInEX: niggert
(02:59 / All) HERNaNDO: die nigga
(03:07 / All) 3DGAYWORLD: damn
(09:00 / All) GOKUMaN69: Gg
(09:03 / All) GOKUMaN69: get the fuck out
(10:13 / All) GOKUMaN69: owned
(10:15 / All) GOKUMaN69: get out
(10:21 / All) HERNaNDO: OPwnage
(10:23 / All) GOKUMaN69: PP
(10:29 / All) HERNaNDO: cant handle a loss on rec
(11:24 / Allies) GOKUMaN69: come in this channel noob
(11:30 / All) GOKUMaN69: talk about the ownage
(12:28 / All) GOKUMaN69: get in our vent chhannel
(13:16 / All) fInEX: uR a SkRuB
(13:21 / All) GOKUMaN69: gap how does it feel?
(13:26 / All) GOKUMaN69: tell me how it feels
(13:35 / Allies) GOKUMaN69: g
(13:41 / All) GOKUMaN69: give finex shaman
(16:19 / All) fInEX: hernando pisses on new zealand